AoeStats
← dix.

Black Forest

510378975Analyzed
3v3 RM · 1d ago on Sep 30, 2026· 63m 45s· 6 players
Game mode
Random Map
Map size
Normal (6 player)
Population
200
Speed
Normal
Resources
Standard
Victory
Conquest
Starting age
Dark Age
Ending age
Imperial Age
RankedLock teamsTeams togetherTeam positionsShared explorationLock speedFull tech treeHidden civsTurbo modeCheats
Victory
Defeat
🇫🇷 Bohemians · France
882
+14
🇫🇷 Tatars · France
812
+17
🇫🇷 Poles · France
803
+17
🇷🇺 Mongols · Russia
911
-19
🇰🇿 Spanish · Kazakhstan
835
-16
🇷🇺 Persians · Russia
757
-13
Valgrin
12:19 Feudal Age
13:20 Double-Bit Axe
13:21 Horse Collar
13:59 Loom
17:24 Castle Age
21:32 Bow Saw
24:27 Wheelbarrow
23:42 Town Watch
24:04 Heavy Plow
26:18 Hand Cart
28:21 Chemistry
28:25 Fletching
28:35 Padded Archer Armor
29:09 Murder Holes
28:59 Elite Skirmisher
30:08 Wagenburg Tactics
31:22 Forging
31:36 Ballistics
32:05 Bodkin Arrow
32:37 Caravan
33:21 Town Patrol
37:07 Imperial Age
35:29 Leather Archer Armor
35:42 Fortified Wall
36:50 Masonry
37:07 Houfnice
38:00 Siege Engineers
40:59 Forging
41:30 Bracer
42:11 Ring Archer Armor
43:06 Bombard Tower
42:32 Arrowslits
43:22 Architecture
45:51 Elite Hussite Wagon
48:01 Conscription
Alex
8:28 Loom
11:09 Feudal Age
13:16 Double-Bit Axe
13:14 Horse Collar
21:57 Castle Age
21:22 Fletching
21:34 Padded Archer Armor
21:38 Gold Mining
26:36 Ballistics
26:54 Bodkin Arrow
27:14 Leather Archer Armor
35:25 Heavy Plow
35:39 Bow Saw
43:45 Imperial Age
43:54 Heavy Cavalry Archer
45:24 Ring Archer Armor
44:55 Bracer
47:08 Gold Shaft Mining
47:13 Crop Rotation
47:07 Caravan
47:52 Conscription
46:54 Elite Keshik
51:21 Wheelbarrow
50:32 Town Watch
50:39 Town Watch
52:00 Chemistry
51:29 Treadmill Crane
51:39 Treadmill Crane
53:26 Hand Cart
53:13 Town Patrol
54:32 Forging
54:28 Scale Barding Armor
54:41 Silk Armor
Fauston
1:39 Loom
13:49 Feudal Age
14:14 Double-Bit Axe
15:56 Bloodlines
23:22 Forging
28:18 Castle Age
26:57 Scale Barding Armor
28:35 Light Cavalry
29:16 Husbandry
35:11 Iron Casting
37:38 Szlachta Privileges
40:03 Chain Barding Armor
47:21 Imperial Age
46:43 Horse Collar
49:12 Chemistry
51:20 Conscription
52:09 Blast Furnace
50:51 Cavalier
54:53 Winged Hussar
57:28 Ballistics
pohuito ergo sum
0:38 Loom
11:33 Feudal Age
12:53 Double-Bit Axe
16:09 Castle Age
14:33 Horse Collar
17:06 Fletching
17:48 Bow Saw
23:30 Bodkin Arrow
24:44 Wheelbarrow
25:53 Husbandry
26:04 Bloodlines
26:54 Padded Archer Armor
27:02 Thumb Ring
28:27 Leather Archer Armor
29:27 Ballistics
30:02 Hand Cart
29:48 Elite Skirmisher
38:11 Imperial Age
38:20 Imperial Age
39:31 Conscription
38:33 Elite Mangudai
39:17 Bracer
40:19 Chemistry
39:25 Siege Engineers
39:50 Onager
41:22 Drill
41:42 Parthian Tactics
43:20 Forging
43:16 Scale Barding Armor
43:59 Town Watch
50:28 Town Patrol
51:20 Coinage
51:30 Masonry
50:47 Siege Onager
52:44 Heavy Cavalry Archer
Divine_Fury
3:39 Loom
12:32 Feudal Age
17:55 Castle Age
16:57 Horse Collar
17:07 Double-Bit Axe
18:26 Wheelbarrow
19:11 Fletching
28:54 Hand Cart
31:34 Bodkin Arrow
31:39 Padded Archer Armor
34:30 Inquisition
37:24 Imperial Age
34:44 Town Watch
35:27 Caravan
36:09 Leather Archer Armor
37:14 Bow Saw
37:53 Town Patrol
39:19 Ballistics
40:00 Chemistry
38:56 Murder Holes
39:12 Masonry
39:41 Conscription
38:46 Elite Conquistador
40:44 Ring Archer Armor
40:15 Bracer
43:33 Conscription
51:13 Forging
51:09 Scale Barding Armor
51:39 Husbandry
52:00 Bloodlines
51:14 Cavalier
55:33 Husbandry
55:41 Cavalier
57:30 Paladin
dix.
4:18 Loom
11:16 Feudal Age
14:06 Scale Barding Armor
14:01 Double-Bit Axe
20:16 Wheelbarrow
21:51 Gold Mining
27:10 Forging
27:00 Scale Mail Armor
45:41 Castle Age
49:04 Elite Skirmisher
50:53 Fletching
51:26 Chain Barding Armor
52:42 Gold Shaft Mining
53:24 Town Watch
56:35 Ballistics
Connection lost

Rejoining the realm…

Still unreachable

The connection could not be restored.

Session expired

The server has moved on; the page needs a fresh start.